[ AOE2 MATCH · #505490745 ]
UnrankedGurjaras vs Goths
Player's team · LOSS
Rival team · WIN
[ REPLAY ANALYSIS · EXTRACTED FROM THE RECORDED GAME ]
Feudal
9:21
Castle
22:42
Imperial
—
| APM avg | 82.8 |
| APM peak | 154 |
| eAPM avg | 34.3 |
| Villagers / military | 118 / 200 |
Focus
⚔️ 46.8% · 🌾 53.2%
Chakram Thrower ×99 · Shrivamsha Rider ×77 · Armored Elephant ×19 · Archer ×5
Feudal
14:36
Castle
22:02
Imperial
34:09
| APM avg | 44.7 |
| APM peak | 68 |
| eAPM avg | 19.4 |
| Villagers / military | 117 / 129 |
Focus
⚔️ 37.2% · 🌾 62.8%
Hand Cannoneer ×44 · Huskarl ×31 · Spearman ×26 · Skirmisher ×12 · Militia ×10 · Trebuchet (Packed) ×3
Match map
Initial resources + every placement click. Lines = walls · curves = elevation contours. ◆ gold · ⬟ stone · ● berries · ✦ relic · ◌ wall gap
Your base· ✓ Closed at 22:42 · 21t walls · 2 gate(s)
SaintedByArmor's base· ✓ Closed at 22:02 · 41t walls · no gate
Smoothed initial terrain · ◌ = detected wall gap · hover for details
Inputs per minute
— Kirtap - - SaintedByArmor
Build order — Kirtap
First 150 of 405 actions detected
| 0:00 | Create | Villager (Male) |
| 0:02 | Build | House |
| 0:03 | Build | House |
| 0:04 | Create | Villager (Male) |
| 0:13 | Create | Villager (Male) |
| 0:13 | Create | Villager (Male) |
| 1:30 | Create | Villager (Male) |
| 1:30 | Create | Villager (Male) |
| 1:51 | Create | Villager (Male) |
| 1:58 | Build | Lumber Camp |
| 2:22 | Create | Villager (Male) |
| 2:55 | Create | Villager (Male) |
| 3:12 | Create | Villager (Male) |
| 3:45 | Create | Villager (Male) |
| 3:46 | Create | Villager (Male) |
| 3:46 | Create | Villager (Male) |
| 3:49 | Build | House |
| 4:16 | Create | Villager (Male) |
| 4:25 | Build | House |
| 4:38 | Create | Villager (Male) |
| 5:05 | Build | Mining Camp |
| 5:15 | Research | Loom |
| 5:19 | Create | Villager (Male) |
| 5:47 | Create | Villager (Male) |
| 5:57 | Build | House |
| 5:59 | Build | Palisade Wall |
| 6:40 | Create | Villager (Male) |
| 7:11 | Research | Feudal Age |
| 7:11 | Research | Feudal Age |
| 7:38 | Build | Palisade Wall |
| 8:31 | Build | Barracks |
| 8:40 | Create | Villager (Male) |
| 9:21 | Age | Feudal Age |
| 9:27 | Build | Archery Range |
| 9:36 | Create | Villager (Male) |
| 9:36 | Create | Villager (Male) |
| 10:08 | Create | Archer |
| 10:08 | Create | Archer |
| 10:39 | Create | Archer |
| 10:43 | Create | Villager (Male) |
| 10:43 | Create | Villager (Male) |
| 11:03 | Create | Archer |
| 11:05 | Create | Villager (Male) |
| 11:30 | Build | Mill |
| 11:36 | Build | House |
| 11:46 | Build | House |
| 11:53 | Create | Villager (Male) |
| 12:06 | Create | Villager (Male) |
| 12:08 | Build | House |
| 12:10 | Build | House |
| 12:11 | Build | Palisade Wall |
| 12:23 | Create | Archer |
| 12:42 | Build | Farm |
| 12:42 | Build | Farm |
| 12:43 | Build | Farm |
| 12:44 | Build | Farm |
| 12:46 | Build | Farm |
| 12:46 | Build | Farm |
| 12:53 | Create | Villager (Male) |
| 13:11 | Build | Farm |
| 13:15 | Create | Villager (Male) |
| 13:37 | Create | Villager (Male) |
| 13:52 | Create | Villager (Male) |
| 13:54 | Build | Blacksmith |
| 14:27 | Research | Fletching |
| 14:28 | Create | Villager (Male) |
| 14:30 | Build | Farm |
| 14:37 | Build | House |
| 14:38 | Build | House |
| 15:02 | Create | Villager (Male) |
| 15:02 | Create | Villager (Male) |
| 15:02 | Create | Villager (Male) |
| 15:15 | Create | Villager (Male) |
| 15:19 | Create | Villager (Male) |
| 15:21 | Build | Farm |
| 15:21 | Build | Farm |
| 15:28 | Create | Villager (Male) |
| 15:46 | Build | House |
| 15:57 | Create | Villager (Male) |
| 16:26 | Create | Villager (Male) |
| 16:29 | Create | Villager (Male) |
| 16:30 | Build | Farm |
| 16:44 | Build | Farm |
| 17:17 | Build | Farm |
| 17:52 | Build | Farm |
| 18:10 | Build | House |
| 18:13 | Build | Palisade Wall |
| 18:13 | Build | Palisade Wall |
| 18:15 | Build | Palisade Gate |
| 18:22 | Research | Wheelbarrow |
| 18:31 | Build | Mining Camp |
| 18:37 | Build | Mining Camp |
| 19:18 | Research | Castle Age |
| 19:28 | Build | House |
| 19:28 | Build | House |
| 19:56 | Build | Stable |
| 20:04 | Research | Double-Bit Axe |
| 20:04 | Research | Double-Bit Axe |
| 20:20 | Build | House |
| 20:26 | Build | Palisade Wall |
| 20:40 | Build | Palisade Gate |
| 20:41 | Build | Palisade Wall |
| 20:42 | Build | Palisade Wall |
| 20:42 | Build | Palisade Wall |
| 20:57 | Build | Lumber Camp |
| 21:34 | Build | Farm |
| 21:57 | Research | Horse Collar |
| 21:57 | Research | Horse Collar |
| 22:40 | Build | House |
| 22:42 | Age | Castle Age |
| 22:44 | Create | Villager (Male) |
| 22:50 | Build | Castle |
| 23:15 | Create | Villager (Male) |
| 23:16 | Research | Bodkin Arrow |
| 23:19 | Research | Bow Saw |
| 23:19 | Research | Bow Saw |
| 23:20 | Research | Heavy Plow |
| 23:20 | Research | Heavy Plow |
| 23:21 | Create | Villager (Male) |
| 23:42 | Create | Villager (Male) |
| 23:44 | Build | Farm |
| 23:45 | Create | Chakram Thrower |
| 23:46 | Create | Chakram Thrower |
| 23:46 | Create | Chakram Thrower |
| 23:46 | Create | Chakram Thrower |
| 23:46 | Create | Chakram Thrower |
| 24:05 | Build | Mining Camp |
| 24:13 | Build | House |
| 24:15 | Build | Stone Wall |
| 24:22 | Create | Chakram Thrower |
| 24:22 | Create | Chakram Thrower |
| 24:26 | Create | Villager (Male) |
| 24:29 | Build | Siege Workshop |
| 24:58 | Create | Villager (Male) |
| 24:58 | Create | Villager (Male) |
| 25:12 | Build | Market |
| 26:11 | Build | Castle |
| 26:50 | Create | Villager (Male) |
| 26:51 | Build | Farm |
| 26:51 | Build | Farm |
| 26:52 | Build | Mill |
| 26:53 | Build | Farm |
| 26:53 | Build | Farm |
| 26:54 | Build | Farm |
| 26:54 | Build | Farm |
| 26:54 | Build | Farm |
| 26:54 | Build | Farm |
| 26:54 | Build | Farm |
| 26:55 | Build | Farm |
| 26:55 | Build | Farm |
Build order — SaintedByArmor
First 150 of 387 actions detected
| 0:00 | Create | Villager (Male) |
| 0:00 | Create | Villager (Male) |
| 0:02 | Build | House |
| 0:02 | Build | House |
| 0:10 | Create | Villager (Male) |
| 0:10 | Create | Villager (Male) |
| 1:23 | Create | Villager (Male) |
| 2:00 | Create | Villager (Male) |
| 2:17 | Create | Villager (Male) |
| 2:51 | Create | Villager (Male) |
| 2:51 | Create | Villager (Male) |
| 3:13 | Build | Barracks |
| 3:42 | Build | House |
| 3:45 | Create | Villager (Male) |
| 3:45 | Create | Villager (Male) |
| 4:11 | Create | Villager (Male) |
| 4:16 | Create | Militia |
| 4:16 | Create | Militia |
| 4:31 | Create | Villager (Male) |
| 4:48 | Build | House |
| 4:55 | Create | Militia |
| 4:57 | Create | Villager (Male) |
| 4:59 | Create | Militia |
| 5:03 | Build | House |
| 5:29 | Create | Villager (Male) |
| 5:31 | Create | Militia |
| 5:50 | Create | Villager (Male) |
| 5:52 | Build | Mill |
| 6:05 | Create | Militia |
| 6:23 | Create | Villager (Male) |
| 6:41 | Build | Mining Camp |
| 6:43 | Create | Villager (Male) |
| 7:04 | Create | Villager (Male) |
| 7:18 | Build | House |
| 7:31 | Create | Villager (Male) |
| 7:43 | Create | Militia |
| 7:49 | Build | Lumber Camp |
| 7:51 | Create | Militia |
| 7:57 | Create | Villager (Male) |
| 8:15 | Create | Villager (Male) |
| 8:18 | Create | Militia |
| 8:36 | Build | Farm |
| 8:41 | Create | Villager (Male) |
| 9:01 | Build | House |
| 9:03 | Create | Militia |
| 9:04 | Create | Villager (Male) |
| 9:20 | Build | Palisade Wall |
| 9:22 | Build | House |
| 9:36 | Build | Farm |
| 9:50 | Create | Villager (Male) |
| 9:53 | Build | House |
| 9:54 | Build | House |
| 9:59 | Build | Palisade Wall |
| 10:01 | Build | Palisade Wall |
| 10:02 | Create | Villager (Male) |
| 10:05 | Build | Farm |
| 10:35 | Build | Farm |
| 10:39 | Create | Villager (Male) |
| 10:45 | Research | Loom |
| 10:46 | Create | Villager (Male) |
| 10:52 | Build | Palisade Wall |
| 10:54 | Build | Palisade Wall |
| 10:57 | Create | Villager (Male) |
| 10:57 | Create | Villager (Male) |
| 11:03 | Build | House |
| 11:04 | Build | Palisade Wall |
| 11:25 | Build | Farm |
| 11:35 | Build | Palisade Wall |
| 11:36 | Build | Palisade Wall |
| 11:47 | Build | Palisade Wall |
| 11:49 | Build | Palisade Wall |
| 11:59 | Build | Farm |
| 12:06 | Build | Palisade Wall |
| 12:06 | Build | Palisade Wall |
| 12:06 | Build | Palisade Wall |
| 12:24 | Build | Farm |
| 12:26 | Research | Feudal Age |
| 12:40 | Build | Farm |
| 13:11 | Build | House |
| 13:46 | Build | Farm |
| 13:51 | Build | Farm |
| 13:53 | Build | Farm |
| 13:57 | Create | Villager (Male) |
| 14:36 | Age | Feudal Age |
| 14:39 | Build | Market |
| 14:44 | Build | Archery Range |
| 14:46 | Research | Man-at-Arms (upgrade) |
| 15:04 | Create | Villager (Male) |
| 15:23 | Create | Villager (Male) |
| 15:26 | Build | Farm |
| 15:28 | Create | Villager (Male) |
| 15:34 | Research | Horse Collar |
| 15:36 | Research | Double-Bit Axe |
| 15:39 | Build | Farm |
| 15:45 | Create | Skirmisher |
| 15:45 | Create | Skirmisher |
| 15:52 | Create | Villager (Male) |
| 16:06 | Build | Blacksmith |
| 16:21 | Create | Skirmisher |
| 16:44 | Create | Villager (Male) |
| 16:54 | Create | Villager (Male) |
| 17:01 | Create | Skirmisher |
| 17:22 | Build | Farm |
| 17:34 | Create | Villager (Male) |
| 17:35 | Create | Skirmisher |
| 17:49 | Build | Mining Camp |
| 17:53 | Create | Villager (Male) |
| 18:01 | Create | Skirmisher |
| 18:24 | Create | Villager (Male) |
| 18:42 | Create | Skirmisher |
| 18:44 | Create | Villager (Male) |
| 19:04 | Build | Farm |
| 19:05 | Build | Farm |
| 19:05 | Build | Farm |
| 19:05 | Build | Farm |
| 19:05 | Build | Farm |
| 19:05 | Build | Farm |
| 19:23 | Research | Castle Age |
| 19:25 | Create | Skirmisher |
| 19:50 | Research | Fletching |
| 20:06 | Research | Padded Archer Armor |
| 20:15 | Create | Skirmisher |
| 20:25 | Create | Spearman |
| 20:39 | Create | Villager (Male) |
| 20:48 | Create | Skirmisher |
| 20:50 | Create | Spearman |
| 21:47 | Create | Villager (Male) |
| 22:02 | Age | Castle Age |
| 22:06 | Build | House |
| 22:10 | Create | Skirmisher |
| 22:25 | Create | Skirmisher |
| 22:34 | Build | Palisade Wall |
| 22:43 | Create | Villager (Male) |
| 22:51 | Create | Spearman |
| 22:51 | Create | Spearman |
| 22:52 | Create | Spearman |
| 22:52 | Create | Spearman |
| 22:52 | Create | Spearman |
| 22:53 | Research | Pikeman (upgrade) |
| 23:06 | Build | House |
| 23:30 | Create | Villager (Male) |
| 23:30 | Create | Villager (Male) |
| 23:50 | Build | Castle |
| 24:13 | Build | Farm |
| 24:19 | Create | Villager (Male) |
| 24:21 | Create | Villager (Male) |
| 24:32 | Build | Mining Camp |
| 24:43 | Build | Lumber Camp |
| 24:49 | Create | Villager (Male) |
| 24:49 | Create | Villager (Male) |
Match timeline
| 3:13 | SaintedByArmor · first_building Barracks |
| 5:59 | Kirtap · wall_segment Palisade Wall x3 |
| 7:38 | Kirtap · wall_segment Palisade Wall x1 |
| 8:31 | Kirtap · first_building Barracks |
| 9:20 | SaintedByArmor · wall_segment Palisade Wall x1 |
| 9:21 | Kirtap · age_up feudal |
| 9:27 | Kirtap · first_building Archery Range |
| 9:59 | SaintedByArmor · wall_segment Palisade Wall x1 |
| 10:01 | SaintedByArmor · wall_segment Palisade Wall x1 |
| 10:52 | SaintedByArmor · wall_segment Palisade Wall x1 |
| 10:54 | SaintedByArmor · wall_segment Palisade Wall x7 |
| 11:04 | SaintedByArmor · wall_segment Palisade Wall x1 |
| 11:35 | SaintedByArmor · wall_segment Palisade Wall x1 |
| 11:36 | SaintedByArmor · wall_segment Palisade Wall x4 |
| 11:47 | SaintedByArmor · wall_segment Palisade Wall x1 |
| 11:49 | SaintedByArmor · wall_segment Palisade Wall x20 |
| 12:06 | SaintedByArmor · wall_segment Palisade Wall x1 |
| 12:06 | SaintedByArmor · wall_segment Palisade Wall x1 |
| 12:06 | SaintedByArmor · wall_segment Palisade Wall x1 |
| 12:11 | Kirtap · wall_segment Palisade Wall x4 |
| 14:36 | SaintedByArmor · age_up feudal |
| 14:44 | SaintedByArmor · first_building Archery Range |
| 17:38 | SaintedByArmor · first_market_sell 100 wood |
| 17:55 | SaintedByArmor · first_market_buy 100 food |
| 18:13 | Kirtap · wall_segment Palisade Wall x5 |
| 18:13 | Kirtap · wall_segment Palisade Wall x1 |
| 19:56 | Kirtap · first_building Stable |
| 20:26 | Kirtap · wall_segment Palisade Wall x4 |
| 20:41 | Kirtap · wall_segment Palisade Wall x1 |
| 20:42 | Kirtap · wall_segment Palisade Wall x1 |
| 20:42 | Kirtap · wall_segment Palisade Wall x1 |
| 22:02 | SaintedByArmor · age_up castle |
| 22:34 | SaintedByArmor · wall_segment Palisade Wall x1 |
| 22:42 | Kirtap · age_up castle |
| 22:50 | Kirtap · first_building Castle |
| 23:50 | SaintedByArmor · first_building Castle |
| 24:15 | Kirtap · wall_segment Stone Wall x1 |
| 24:29 | Kirtap · first_building Siege Workshop |
| 25:29 | SaintedByArmor · wall_segment Palisade Wall x1 |
| 28:35 | Kirtap · first_market_buy 100 food |
| 28:35 | Kirtap · first_market_sell 100 wood |
| 31:46 | SaintedByArmor · first_building Monastery |
| 32:08 | SaintedByArmor · wall_segment Palisade Wall x1 |
| 34:09 | SaintedByArmor · age_up imperial |
| 45:19 | SaintedByArmor · wall_segment Palisade Wall x1 |
| 45:25 | SaintedByArmor · wall_segment Palisade Wall x1 |
| 45:30 | SaintedByArmor · wall_segment Palisade Wall x1 |
| 48:08 | Kirtap · resign |
[ AI ANALYSIS · 1 CREDIT ]
What really happened in this match?
Wolo.gg analyzes every decision: build order, eco, micro, common mistakes by bracket. Personalized analysis on WhatsApp or Discord in 30 seconds.
Civ guide
Gurjaras
Perfil
Kirtap